AoeStats
← Morphman

MegaRandom

507623997Analyzed
4v4 RM · 11d ago on Sep 19, 2026· 74m 2s· 8 players
Game mode
Random Map
Map size
Large (8 player)
Population
200
Speed
Normal
Resources
Standard
Victory
Conquest
Starting age
Dark Age
Ending age
Imperial Age
RankedLock teamsTeams togetherTeam positionsShared explorationLock speedFull tech treeHidden civsTurbo modeCheats
Victory
Defeat
🇨🇦 Poles · Canada
1001
+13
🇨🇦 Bohemians · Canada
994
+14
🇧🇷 Teutons · Brazil
922
+17
🇨🇦 Burgundians · Canada
831
+21
🇯🇵 Koreans · Japan
1011
-19
🇩🇪 Bulgarians · Germany
980
-18
🇺🇸 Spanish · United States
962
-17
🇫🇷 Huns · France
806
-30
marcosprojj
9:09 Loom
11:42 Feudal Age
17:21 Castle Age
25:26 Double-Bit Axe
28:38 Horse Collar
35:15 Imperial Age
33:32 Bow Saw
34:06 Heavy Plow
34:09 Stone Mining
34:10 Gold Mining
36:48 Scale Mail Armor
36:59 Forging
38:00 Chemistry
39:32 Hoardings
40:08 Chain Mail Armor
40:29 Iron Casting
44:04 Crop Rotation
45:33 Bloodlines
45:16 Cavalier
VictorWatch
0:58 Loom
10:59 Feudal Age
11:31 Double-Bit Axe
12:02 Horse Collar
21:41 Castle Age
22:32 Pikeman
23:12 Squires
25:03 Bow Saw
31:42 Wheelbarrow
31:20 Heavy Plow
31:45 Town Watch
36:05 Hand Cart
41:01 Imperial Age
40:29 Arson
40:57 Forging
41:08 Scale Mail Armor
40:59 Fletching
42:18 Town Patrol
42:36 Chain Mail Armor
41:49 Elite Hussite Wagon
43:24 Conscription
44:07 Chemistry
43:18 Fortified Wall
43:14 Siege Engineers
43:19 Masonry
42:49 Treadmill Crane
43:31 Ballistics
43:06 Murder Holes
43:49 Iron Casting
43:10 Bodkin Arrow
42:55 Halberdier
43:54 Wagenburg Tactics
44:03 Caravan
46:10 Two-Man Saw
46:14 Bombard Tower
47:19 Blast Furnace
47:39 Plate Mail Armor
47:09 Bracer
47:18 Houfnice
49:34 Padded Archer Armor
50:41 Architecture
53:26 Leather Archer Armor
DeceptiveBaguette
5:46 Loom
13:26 Feudal Age
13:57 Horse Collar
14:33 Double-Bit Axe
24:43 Castle Age
23:49 Wheelbarrow
23:01 Town Watch
24:33 Gold Mining
26:12 Bow Saw
26:19 Bow Saw
26:25 Scale Barding Armor
28:40 Coinage
29:47 Heavy Plow
30:05 Hand Cart
29:56 Town Patrol
31:53 Chain Barding Armor
31:38 Caravan
32:59 Stone Mining
34:14 Forging
33:56 Fletching
39:30 Iron Casting
38:51 Bodkin Arrow
40:04 Szlachta Privileges
42:35 Imperial Age
41:20 Scale Mail Armor
41:58 Stone Shaft Mining
42:58 Husbandry
43:09 Bloodlines
42:25 Light Cavalry
43:59 Banking
43:45 Masonry
43:41 Siege Engineers
43:32 Murder Holes
43:17 Treadmill Crane
44:40 Chemistry
44:23 Ballistics
45:16 Crop Rotation
46:01 Blast Furnace
45:02 Bracer
46:01 Chain Mail Armor
45:47 Cavalier
46:53 Conscription
47:12 Hoardings
47:19 Lechitic Legacy
47:20 Winged Hussar
49:33 Elite Obuch
59:56 Plate Mail Armor
69:38 Fortified Wall
Darth_Doge03
1:21 Loom
12:00 Feudal Age
10:40 Double-Bit Axe
13:06 Horse Collar
22:08 Wheelbarrow
28:56 Castle Age
27:33 Gold Mining
27:36 Stone Mining
27:50 Heavy Plow
28:03 Bow Saw
34:27 Light Cavalry
35:08 Husbandry
35:12 Squires
34:34 Pikeman
38:45 Fortified Wall
43:02 Imperial Age
41:12 Crop Rotation
41:44 Cavalier
43:24 Caravan
43:24 Hussar
48:09 Paladin
49:14 Masonry
51:22 Forging
51:18 Scale Barding Armor
51:14 Scale Mail Armor
54:23 Chemistry
52:49 Halberdier
55:00 Arson
59:01 Conscription
58:49 Burgundian Vineyards
59:22 Hoardings
60:59 Iron Casting
60:40 Chain Mail Armor
60:46 Chain Barding Armor
60:17 Fletching
63:12 Hand Cart
64:02 Two-Man Saw
63:42 Gold Shaft Mining
63:45 Stone Shaft Mining
69:50 Murder Holes
Cero
3:33 Loom
12:34 Feudal Age
15:17 Horse Collar
16:13 Double-Bit Axe
19:29 Castle Age
19:12 Scale Barding Armor
20:15 Forging
20:56 Heavy Plow
20:52 Gold Mining
21:01 Stone Mining
22:33 Fervor
23:55 Bow Saw
26:58 Wheelbarrow
28:38 Hand Cart
36:03 Imperial Age
34:13 Redemption
35:07 Husbandry
35:18 Bloodlines
37:13 Conscription
38:00 Block Printing
37:34 Cavalier
38:48 Elite Conquistador
41:20 Chemistry
40:41 Ballistics
43:40 Town Watch
50:41 Chain Barding Armor
50:57 Iron Casting
52:07 Paladin
61:32 Hoardings
71:44 Plate Barding Armor
72:10 Blast Furnace
irish09
7:49 Loom
10:54 Feudal Age
11:51 Double-Bit Axe
12:32 Fletching
16:17 Horse Collar
25:35 Castle Age
26:32 Bodkin Arrow
27:32 Bow Saw
28:01 Wheelbarrow
27:27 Town Watch
29:30 Scale Mail Armor
31:13 Gold Mining
31:13 Stone Mining
31:20 Stone Mining
31:51 Squires
31:36 Arson
32:07 Forging
34:13 Gambesons
39:11 Imperial Age
37:18 Eupseong
40:04 Chain Mail Armor
41:28 Plate Mail Armor
41:32 Elite Fire Lancer
45:13 Iron Casting
44:44 Bracer
46:40 Hand Cart
46:26 Town Patrol
46:49 Pikeman
47:58 Scale Barding Armor
48:01 Halberdier
50:21 Masonry
51:12 Chemistry
57:37 Conscription
59:04 Heavy Plow
60:31 Caravan
65:29 Treadmill Crane
66:10 Ballistics
69:23 Architecture
68:59 Siege Engineers
68:44 Arrowslits
69:33 Architecture
69:08 Siege Engineers
YoumuKonpaku
1:05 Loom
10:27 Feudal Age
15:40 Forging
17:49 Wheelbarrow
26:33 Castle Age
28:43 Hand Cart
28:28 Light Cavalry
35:05 Gold Mining
35:06 Stone Mining
35:09 Double-Bit Axe
35:08 Horse Collar
43:06 Imperial Age
42:06 Heavy Plow
43:54 Marauders
45:52 Elite Tarkan
49:21 Husbandry
49:52 Bloodlines
57:32 Iron Casting
57:14 Scale Barding Armor
67:00 Blast Furnace
71:30 Chain Barding Armor
71:12 Scale Mail Armor
71:09 Hussar
71:11 Cavalier
Morphman
9:28 Loom
11:27 Feudal Age
13:35 Arson
14:25 Scale Mail Armor
19:34 Double-Bit Axe
26:42 Castle Age
24:36 Fletching
25:16 Horse Collar
25:46 Scale Barding Armor
28:24 Light Cavalry
29:15 Bloodlines
29:05 Husbandry
29:13 Bodkin Arrow
31:24 Wheelbarrow
37:47 Imperial Age
40:46 Bloodlines
41:56 Chain Barding Armor
41:41 Bracer
41:57 Murder Holes
42:23 Forging
43:26 Plate Barding Armor
43:43 Husbandry
44:47 Iron Casting
44:14 Stone Mining
44:38 Heavy Plow
46:10 Hand Cart
47:33 Blast Furnace
48:19 Ballistics
49:01 Chemistry
48:54 Chain Mail Armor
56:10 Hussar
57:01 Caravan
59:28 Conscription
59:23 Stirrups
63:47 Crop Rotation
65:58 Cavalier
Connection lost

Rejoining the realm…

Still unreachable

The connection could not be restored.

Session expired

The server has moved on; the page needs a fresh start.